[Event "Championnat du monde jeunes U12F"]
[Date "2024.11.23"]
[White "Baruch, Amit"]
[Black "Budhram, Kaylee"]
[WhiteElo "1747"]
[BlackElo "1614"]
[Round "8.29"]
[Result "1-0"]
[TimeControl "5400+30"]

1. e4 c6 2. d4 d5 3. exd5 cxd5 4. c4 Nf6 5. Nc3 g6 6. cxd5 Bg7 7. Qb3 Nbd7 8. g3 O-O 9. Bg2 Nb6 10. Nge2 e6 11. dxe6 Bxe6 12. Qd1 Qc8 13. O-O Bg4 14. Qd3 Re8 15. Be3 Bf5 16. Qb5 Bd7 17. Qb3 Bc6 18. d5 Bd7 19. Bxb6 axb6 20. Qxb6 Ra6 21. Qb4 Qc7 22. Rac1 Qb6 23. Qxb6 Rxb6 24. Rc2 Bf5 25. Rd2 Bh6 26. f4 Ng4 27. Nd4 Bd7 28. Bh3 Ne3 29. Bxd7 Nxf1 30. Kxf1 Re7 31. Bg4 Bg7 32. Ndb5 f5 33. Be2 Bxc3 34. bxc3 Rd7 35. c4 Rf6 36. c5 Kf8 37. Bc4 h6 38. d6 Kg7 39. Nc7 Kh7 40. Bb5 Rd8 41. d7 Kh8 42. Re2 Kh7 43. Ne6 h5 44. Nxd8 Rf8 45. Ne6 Rh8 46. d8=Q Rxd8 47. Nxd8 Kh6 48. Nxb7 g5 49. Re6+ Kg7 50. fxg5 Kf7 51. Rf6+ Ke7 52. c6 h4 53. c7 hxg3 54. c8=N# 1-0

[Variant "Standard"]
[Site "Europe Echecs"]

[Event "Championnat du monde jeunes U12F"]
[Date "2024.11.23"]
[White "Xu, Melissa"]
[Black "Laurincova, Timea"]
[WhiteElo "1731"]
[BlackElo "1549"]
[Round "8.30"]
[Result "1/2-1/2"]
[TimeControl "5400+30"]

1. e4 c5 2. Nc3 Nc6 3. g3 g6 4. Bg2 Bg7 5. d3 d6 6. Be3 Rb8 7. Qd2 b5 8. a3 a5 9. Rb1 b4 10. axb4 axb4 11. Nd1 h5 12. Nf3 Nd4 13. h4 Nh6 14. Nh2 Ng4 15. Nxg4 Bxg4 16. Bxd4 Bxd4 17. f3 Bd7 18. Ne3 Qc8 19. Nc4 Bg7 20. Qe2 Be6 21. Rf1 Bxc4 22. dxc4 Ra8 23. Qd3 Qe6 24. Rh1 Qe5 25. f4 Qd4 26. Qxd4 Bxd4 27. Kd1 e6 28. Rf1 Ke7 29. Kd2 Ra2 30. b3 Rha8 31. e5 R8a7 32. exd6+ Kxd6 33. Kd3 Bc3 34. Rbd1 Ke7 35. Bc6 Rb2 36. Ba4 Ra2 37. Rc1 Ra8 38. Ke2 Rd8 39. Rfd1 Rxd1 40. Kxd1 Ra1 41. Rxa1 Bxa1 42. Ke2 e5 43. fxe5 Bxe5 44. Kf3 Kf6 1/2-1/2

[Variant "Standard"]
[Site "Europe Echecs"]

[Event "Championnat du monde jeunes U12F"]
[Date "2024.11.23"]
[White "Moscovitch, Shelly"]
[Black "Tsinjoviniavo, Aina Mahasambatra"]
[WhiteElo "1552"]
[BlackElo "1716"]
[Round "8.31"]
[Result "1-0"]
[TimeControl "5400+30"]

1. e4 c5 2. Nf3 Nc6 3. c3 d5 4. exd5 Qxd5 5. d4 Bg4 6. Be2 Nf6 7. O-O e6 8. c4 Qd7 9. dxc5 Bxc5 10. Qxd7+ Nxd7 11. Nc3 O-O 12. Rd1 Nb6 13. b3 Rad8 14. Bb2 Bf5 15. Rac1 h6 16. h3 e5 17. Nd5 e4 18. Nd4 Nxd4 19. Bxd4 Bxd4 20. Rxd4 Nxd5 21. cxd5 Rc8 22. Rdc4 Rxc4 23. bxc4 b6 24. Kf1 Bd7 25. Ra1 Rc8 26. Ke1 f5 27. Kd2 Kf7 28. Ke3 Kf6 29. Kd4 Rc5 30. Rb1 Ra5 31. Rb2 Ra4 32. Bd1 Ra3 33. Rd2 Ba4 34. Bxa4 Rxa4 35. Kc3 Ke7 36. Kb3 Ra5 37. Kb4 Kd6 38. a4 Rc5 39. Ra2 a5+ 40. Kc3 Ke5 41. Rb2 Rc7 42. Rxb6 f4 43. Re6+ Kf5 44. Kd4 f3 45. g3 h5 46. Rxe4 Rxc4+ 47. Kxc4 Kxe4 48. d6 h4 49. g4 g5 50. d7 1-0

[Variant "Standard"]
[Site "Europe Echecs"]

[Event "Championnat du monde jeunes U12F"]
[Date "2024.11.23"]
[White "Liang, Candice"]
[Black "Liu, Jingyu"]
[WhiteElo "1551"]
[BlackElo "1680"]
[Round "8.32"]
[Result "1/2-1/2"]
[TimeControl "5400+30"]

1. d4 d5 2. c4 e6 3. Nc3 Nf6 4. cxd5 exd5 5. Bg5 c6 6. e3 Be7 7. Bd3 h6 8. Bh4 O-O 9. Nge2 Re8 10. O-O b5 11. f3 Na6 12. a3 Nc7 13. Bf2 a5 14. Kh1 Ba6 15. e4 dxe4 16. fxe4 Bf8 17. Bh4 Be7 18. Rc1 Ne6 19. Bf2 b4 20. axb4 axb4 21. Nb1 Bxd3 22. Qxd3 Nc5 23. Qc4 Ncxe4 24. Qxc6 Nxf2+ 25. Rxf2 Rc8 26. Qxc8 Qxc8 27. Rxc8 Rxc8 28. Kg1 Nd5 29. b3 Rc2 30. Ng3 1/2-1/2

[Variant "Standard"]
[Site "Europe Echecs"]

[Event "Championnat du monde jeunes U12F"]
[Date "2024.11.23"]
[White "Stepankova, Linda"]
[Black "Hrckova, Anna"]
[WhiteElo "1624"]
[BlackElo "1441"]
[Round "8.33"]
[Result "1/2-1/2"]
[TimeControl "5400+30"]

1. d4 Nf6 2. c4 g6 3. Nc3 d6 4. e4 Nbd7 5. Nge2 c5 6. g3 Bg7 7. Bg2 O-O 8. O-O Ne8 9. Be3 cxd4 10. Nxd4 e5 11. Ndb5 Nb6 12. c5 Nc4 13. Bc1 a6 14. Qa4 Be6 15. Nxd6 Ncxd6 16. cxd6 Nxd6 17. Rd1 Qe7 18. b3 Rfd8 19. Ba3 Qc7 20. Rac1 Qb6 21. Bb4 Nb5 22. Rxd8+ Qxd8 23. Nxb5 Bd7 24.
Qa3 Bxb5 25. Qb2 a5 26. Ba3 Bh6 27. Re1 Bg7 28. Qb1 Bh6 29. Rd1 Qc8 30. Bb2 f6 31. Bc1 Bg7 32. Be3 Qe8 33. a3 Rd8 34. Bf1 Bxf1 35. Rxf1 Bf8 36. Qa2 Qe6 37. Ra1 b5 38. a4 b4 39. Rc1 Rd3 40. Rb1 f5 41. exf5 gxf5 42. Kf1 Qa6 43. Kg1 Qe6 44. Kf1 Qa6 1/2-1/2

[Variant "Standard"]
[Site "Europe Echecs"]

[Event "Championnat du monde jeunes U12F"]
[Date "2024.11.23"]
[White "Huang, Lucia"]
[Black "Yang, Hayeon"]
[WhiteElo "1621"]
[BlackElo "1482"]
[Round "8.34"]
[Result "1-0"]
[TimeControl "5400+30"]

1. e4 e5 2. Nf3 Nc6 3. Bc4 Bc5 4. O-O Nf6 5. d3 h6 6. c3 O-O 7. a4 a6 8. Na3 d6 9. h3 Be6 10. Re1 Na5 11. Bxe6 fxe6 12. b4 Bxb4 13. cxb4 Nc6 14. Qb3 Qd7 15. Bb2 Nh5 16. Rad1 Nf4 17. d4 exd4 18. Nxd4 Nxd4 19. Bxd4 Kh8 20. Nc4 Qe7 21. e5 d5 22. Nb2 b6 23. b5 axb5 24. axb5 Ra3 25. Qc2 Qg5 26. f3 Nxh3+ 27. Kh2 Nf4 28. Nd3 Qf5 29. Re3 c5 30. bxc6 b5 31. Bc5 Nxd3 32. Bxf8 Qf4+ 33. g3 Ra8 1-0

[Variant "Standard"]
[Site "Europe Echecs"]

[Event "Championnat du monde jeunes U12F"]
[Date "2024.11.23"]
[White "Mrad, Anahid"]
[Black "Radenkovic, Lena"]
[WhiteElo "1558"]
[BlackElo "1675"]
[Round "8.35"]
[Result "0-1"]
[TimeControl "5400+30"]

1. e4 e5 2. Nf3 Nc6 3. Bc4 Bc5 4. c3 Bb6 5. d4 exd4 6. cxd4 d6 7. O-O Nf6 8. Nc3 Bg4 9. h3 Bxf3 10. Qxf3 Bxd4 11. Qg3 Qd7 12. Be3 Be5 13. f4 Bxc3 14. bxc3 O-O-O 15. e5 Ne4 16. Qf3 d5 17. Bb3 Nxc3 18. Bxa7 d4 19. Bc5 Qf5 20. Rfe1 Rde8 21. a4 g5 22. a5 Qxf4 23. Qxf4 gxf4 24. Bxf7 Rd8 25. a6 bxa6 26. Rxa6 Kd7 27. e6+ Kc8 28. Rxc6 d3 29. e7 d2 30. exd8=Q+ Rxd8 31.
Ra1 d1=Q+ 32. Rxd1 Rxd1+ 33. Kh2 Ne4 34. Bb4 Ng3 35. Be6+ Kb7 36. Rxc7+ Kxc7 37. Ba5+ Kd6 38. Bc7+ Kxc7 0-1

[Variant "Standard"]
[Site "Europe Echecs"]

[Event "Championnat du monde jeunes U12F"]
[Date "2024.11.23"]
[White "Ordonez Alarcon, Daniela"]
[Black "Jacome Revelo, Daniela Alexandra"]
[WhiteElo "1606"]
[BlackElo "1764"]
[Round "8.36"]
[Result "1/2-1/2"]
[TimeControl "5400+30"]

1. d4 Nf6 2. c4 c5 3. d5 b5 4. cxb5 a6 5. bxa6 Bxa6 6. Nc3 g6 7. e4 Bxf1 8. Kxf1 d6 9. Nf3 Bg7 10. g3 O-O 11. Kg2 Qb6 12. a4 Na6 13. Ne1 Rfb8 14. Nc2 Nb4 15. Re1 Nd7 16. Nb5 Qa5 17. Nxb4 Qxb4 18. Ra3 c4 19. Re2 Ne5 20. Bd2 Qc5 21. Be3 Qc8 22. Bd4 Nd3 23. Bxg7 Kxg7 24. Rc2 Qd7 25. Rxc4 Nc5 26. Ra1 Nxa4 27. Rcxa4 Rxa4 28. Qxa4 Qxb5 29. Qxb5 Rxb5 30. Rb1 Kf6 31. b4 Ke5 1/2-1/2

[Variant "Standard"]
[Site "Europe Echecs"]

[Event "Championnat du monde jeunes U12F"]
[Date "2024.11.23"]
[White "Istratova, Nika"]
[Black "Wang, Tianmu"]
[WhiteElo "1473"]
[BlackElo "1640"]
[Round "8.37"]
[Result "0-1"]
[TimeControl "5400+30"]

1. e4 e5 2. Nf3 Nc6 3. Nc3 Nf6 4. Bb5 Nd4 5. Nxd4 exd4 6. e5 dxc3 7. exf6 Qxf6 8. dxc3 c6 9. Bd3 Bc5 10. Qe2+ Be7 11. O-O O-O 12. Re1 Re8 13. Qe4 g6 14. Bh6 d5 15. Qd4 Be6 16. Re3 c5 17. Qxf6 Bxf6 18. Bb5 Red8 19. Rf3 Be7 20. Be2 Bd6 21. h3 Re8 22. Bb5 Re7 23. Bg5 Rc7 24. Be2 c4 25. Bf4 Rd7 26. Bxd6 Rxd6 27. Rd1 Rad8 28. Rf4 Bf5 29. Rd2 b5 30. Rfd4 a5 31. b3 R6d7 32. a3 Be6 33. g4 Kf8 34. Kg2 Ke7 35. f4 f5 36. g5 Rc8 37. bxc4 bxc4 38. Rd1 Rb8 39. Ra1 Rb2 40. Rd2 d4 41. cxd4 c3 42. Rdd1 Rxc2 43. Kf3 Bd5+ 44. Ke3 Kd6 45. Rdc1 Re7+ 46. Kd3 Rcxe2 47. Rxc3 R7e3# 0-1

[Variant "Standard"]
[Site "Europe Echecs"]

[Event "Championnat du monde jeunes U12F"]
[Date "2024.11.23"]
[White "Ivanova, Gabriela"]
[Black "Prokofieva, Alexandra"]
[WhiteElo "1680"]
[BlackElo "1467"]
[Round "8.39"]
[Result "0-1"]
[TimeControl "5400+30"]

1. d4 d5 2. Nf3 Nf6 3. g3 g6 4. Bg2 Bg7 5. c4 c6 6. O-O dxc4 7. Nbd2 b5 8. a4 Ba6 9. axb5 Bxb5 10. Qc2 c3 11. bxc3 Bxe2 12. Re1 Bxf3 13. Nxf3 O-O 14. Ne5 Qc8 15. Nc4 e6 16. Nb6 axb6 17. Rxa8 Qb7 18. Ra1 Nbd7 19. Qa4 b5 20. Qa7 Qxa7 21. Rxa7 Rc8 22. Bf4 h5 23. Rea1 c5 24. Ra8 Rxa8 25. Rxa8+ Kh7 26. dxc5 Nxc5 27. Ra5 Nfe4 28. Rxb5 Bxc3 29. f3 Bd4+ 30. Kf1 Nc3 31. Bd6 Nxb5 32. Bxc5 Bxc5 33. Ke2 f5 34. Kd3 Bg1 35. h3 Bh2 36. g4 fxg4 37. hxg4 hxg4 38. fxg4 Kh6 39. Bc6 Nd6 40. Bd7 e5 41. Ke3 Bf4+ 42. Kf3 Kg5 43. Ke2 e4 44. Kf2 e3+ 45. Ke2 Ne4 46. Kf3 Nc3 0-1

[Variant "Standard"]
[Site "Europe Echecs"]

[Event "Championnat du monde jeunes U12F"]
[Date "2024.11.23"]
[White "Li, Yeeshuen"]
[Black "Jung, Minju"]
[WhiteElo "1546"]
[BlackElo "1457"]
[Round "8.41"]
[Result "1-0"]
[TimeControl "5400+30"]

1. e4 e5 2. Nf3 Nc6 3. Bc4 Bc5 4. O-O Nf6 5. d4 Bxd4 6. Nxd4 Nxd4 7. Bg5 h6 8. Bh4 d6 9. f4 Bg4 10. Bxf6 Bxd1 11. Bxd8 Nxc2 12. Bxc7 Nxa1 13. Rxd1 Rc8 14. Bb5+ Kf8 15. Bxd6+ Kg8 16. Nc3 Nc2 17. Nd5 Kh7 18. Bxe5 Rc5 19. Bd3 a5 20. Rc1 Rhc8 21. Bc7 Kh8 22. Rxc2 Rxc2 23. Bxc2 g6 24. Be5+ Kh7 25. Bb3 b5 26. Ne7 Rc1+ 27. Kf2 f5 28. Bf7 Rc2+ 29. Kg3 h5 30. Bxg6+ Kh6 31. exf5 h4+ 32. Kxh4 Rxg2 33. Ng8# 1-0

[Variant "Standard"]
[Site "Europe Echecs"]

[Event "Championnat du monde jeunes U12F"]
[Date "2024.11.23"]
[White "Groselj, Mirjam"]
[Black "Petrusic, Dusica"]
[WhiteElo "1470"]
[BlackElo "1498"]
[Round "8.43"]
[Result "0-1"]
[TimeControl "5400+30"]

1. e4 e5 2. Nf3 Nc6 3. Bc4 Bc5 4. c3 Nf6 5. d3 h6 6. O-O O-O 7. Be3 Bb6 8. Nbd2 d6 9. h3 Ne7 10. Re1 Ng6 11. Nf1 Be6 12. Bb3 Qd7 13. Bxe6 fxe6 14. Ng3 Bxe3 15. fxe3 d5 16. exd5 exd5 17. e4 Rae8 18. exd5 Nxd5 19. Ne4 Ndf4 20. d4 exd4 21. Nxd4 Qd5 22. Qb3 Qxb3 23. Nxb3 Nh4 24. g3 Nf3+ 25. Kf2 Nd3+ 26. Kg2 Nfxe1+ 0-1

[Variant "Standard"]
[Site "Europe Echecs"]

[Event "Championnat du monde jeunes U12F"]
[Date "2024.11.23"]
[White "Liu, Lillian Yu-Ning"]
[Black "Canossa, Elena"]
[WhiteElo "1456"]
[BlackElo "1482"]
[Round "8.44"]
[Result "1/2-1/2"]
[TimeControl "5400+30"]

1. e4 e5 2. Nc3 Bc5 3. Nf3 d6 4. h3 Nc6 5. Bc4 Nf6 6. d3 h6 7. O-O O-O 8. Be3 Bb6 9. Bxb6 axb6 10. d4 exd4 11. Nxd4 Ne5 12. Bb3 Qe7 13. Nf3 Nxf3+ 14. Qxf3 Re8 15. Nd5 Nxd5 16. Bxd5 c6 17. Bb3 Be6 18. Rfe1 Bxb3 19. Qxb3 b5 20. Qd3 Ra4 21. Qd1 1/2-1/2

[Variant "Standard"]
[Site "Europe Echecs"]

[Event "Championnat du monde jeunes U12F"]
[Date "2024.11.24"]
[White "Venskaya, Nika"]
[Black "Xue, Tianhao"]
[WhiteElo "1871"]
[BlackElo "1835"]
[Round "9.1"]
[Result "0-1"]
[TimeControl "5400+30"]

1. d4 Nf6 2. Nf3 d5 3. g3 e6 4. Bg2 b5 5. O-O c5 6. c3 Be7 7. a4 Qb6 8. dxc5 Bxc5 9. b4 Be7 10. Be3 Qb7 11. axb5 Nbd7 12. Qd4 Qxb5 13. Ra5 Qc6 14. Ne5 Nxe5 15. Qxe5 a6 16. Qd4 Rb8 17. Nd2 O-O 18. Bf4 Rb5 19. Rfa1 Rxa5 20. Rxa5 Bd8 21. Ra3 Nd7 22. Qd3 Bf6 23. e4 Nb6 24. e5 Be7 25. Be3 Bb7 26. Bd4 Rc8 27. Qe3 Bd8 28. Bf3 h6 29. Bg2 Na8 30. Bf1 Bb6 31. Bg2 Bxd4 32. Qxd4 Nb6 33. Ra5 Qxc3 34. Qxb6 Qxd2 35. Qxb7 Rc1+ 36. Bf1 Rc2 37. Qb6 d4 38. Be2 Qxe2 39. Qxd4 Rd2 40. Qf4 Rd1+ 41. Kg2 Qf1+ 42. Kf3 Rd3+ 43. Kg4 g5 44. Qe4 Rd2 45. Qa8+ Kg7 46. Ra3 Rd4+ 47. f4 Qe2+ 48. Qf3 Qxh2 49. Qe3 Rxb4 50. Qe1 a5 51. Rxa5 Rxf4+ 52. gxf4 Qg2+ 53. Qg3 h5+ 54. Kxg5 Qxg3+ 55. Kxh5 Qxf4 56. Rb5 Qf3+ 57. Kg5 f6+ 58. exf6+ Qxf6+ 59. Kh5 Qf3+ 60. Kg5 Qe3+ 0-1

[Variant "Standard"]
[Site "Europe Echecs"]

[Event "Championnat du monde jeunes U12F"]
[Date "2024.11.24"]
[White "Mozolevskaya, Tatyana Nik"]
[Black "Amanzhol, Khanzada"]
[WhiteElo "1775"]
[BlackElo "1780"]
[Round "9.2"]
[Result "0-1"]
[TimeControl "5400+30"]

1. c4 Nf6 2. Nf3 e6 3. g3 d5 4. Bg2 Be7 5. O-O O-O 6. d4 Nc6 7. Ne5 dxc4 8. Nxc6 bxc6 9. Qa4 Qxd4 10. Rd1 Qb6 11. Qxc4 Bc5 12. e3 Nd5 13. Bd2 Ba6 14. Qc2 Rfd8 15. a3 Bd3 16. Qc1 Qb3 17. Ba5 Be2 18. Re1 Qb5 19. b4 Be7 20. Bxd5 Bf6 21. Ra2 Rxd5 22. Rexe2 Rh5 23. Rec2 Qf5 24. Rc5 e5 25. Nd2 Rd8 26. Nf1 Qf3 27. Rd2 Rxd2 28. Nxd2 Qe2 29. Nf1 Rf5 30. Qc2 Qg4 31. b5 h5 32. Rc4 Qf3 33. Be1 g6 34. Nd2 Qe2 35. Qc1 h4 36. Ne4 h3 37. Nxf6+ Rxf6 38. Rh4 Rd6 0-1

[Variant "Standard"]
[Site "Europe Echecs"]

[Event "Championnat du monde jeunes U12F"]
[Date "2024.11.24"]
[White "Hanya Shah"]
[Black "Allahverdi, Zahra"]
[WhiteElo "1888"]
[BlackElo "1718"]
[Round "9.3"]
[Result "1-0"]
[TimeControl "5400+30"]

1. c4 c5 2. Nc3 Nf6 3. Nf3 d5 4. cxd5 Nxd5 5. g3 Nc7 6. Bg2 Nc6 7. d3 e5 8. O-O Be7 9. Be3 Bd7 10. Nd2 O-O 11. Rc1 Rb8 12. f4 exf4 13. Bxf4 Bg5 14. Bd6 Be7 15. Bf4 Ne6 16. Bxb8 Qxb8 17. e3 Ne5 18. Nd5 Bd8 19. Nc4 b5 20. Nxe5 Qxe5 21. Rf2 Bc6 22. Nf4 Bxg2 23. Nxe6 Qxe6 24. Kxg2 Qxe3 25. Rcc2 Qd4 26. Qf3 Bb6 27. Rce2 Qd6 28. Re8 g6 29. Re4
1-0

[Variant "Standard"]
[Site "Europe Echecs"]

[Event "Championnat du monde jeunes U12F"]
[Date "2024.11.24"]
[White "Jordan, Christina"]
[Black "Buyankhishig, Batpelden"]
[WhiteElo "1803"]
[BlackElo "1867"]
[Round "9.4"]
[Result "0-1"]
[TimeControl "5400+30"]

1. e4 e5 2. Nf3 Nc6 3. Bb5 a6 4. Ba4 Nf6 5. O-O Be7 6. Re1 b5 7. Bb3 d6 8. c3 O-O 9. h3 Nb8 10. d4 Nbd7 11. Nbd2 Bb7 12. Bc2 Re8 13. Nf1 Bf8 14. Ng3 g6 15. a4 c5 16. d5 c4 17. Bg5 h6 18. Be3 Qc7 19. Nh2 h5 20. f4 exf4 21. Bxf4 Bg7 22. Nf3 Nc5 23. Nd4 h4 24. Nf1 Ncxe4 25. Bxe4 Nxe4 26. axb5 axb5 27. Nxb5 Qb6+ 28. Nd4 Rxa1 29. Qxa1 Bxd4+ 30. cxd4 Qxd4+ 31. Be3 Qxd5 32. Re2 Ng3 33. Rd2 Qe4 34. Bb6 Ne2+ 35. Rxe2 Qxe2 36. Bf2 Qd3 37. Qa7 Qd5 38. Ne3 Rxe3 0-1

[Variant "Standard"]
[Site "Europe Echecs"]

[Event "Championnat du monde jeunes U12F"]
[Date "2024.11.24"]
[White "Siddhi Rao"]
[Black "Pratitee Bordoloi"]
[WhiteElo "1677"]
[BlackElo "1929"]
[Round "9.5"]
[Result "0-1"]
[TimeControl "5400+30"]

1. e4 c6 2. Nf3 d5 3. d3 Bg4 4. h3 Bxf3 5. Qxf3 e6 6. g3 Nf6 7. Bg2 Be7 8. Qe2 c5 9. Nd2 Nc6 10. c3 Qc7 11. O-O h6 12. a4 O-O-O 13. Nb3 g5 14. a5 dxe4 15. dxe4 Nd7 16. Be3 h5 17. Rfd1 Nce5 18. a6 b6 19. f4 gxf4 20. gxf4 Ng6 21. e5 Nh4 22. Bb7+ Kb8 23. Bf2 Rhg8+ 24. Kh1 Nf5 25. Qb5 Nxe5 26. fxe5 Qxe5 27. Na5 Ng3+ 28. Bxg3 Qxg3 29. Nc6+ Kc7 30. Qf1 Bd6 31. Rd2 Bf4 32. Nxd8 Bxd2 33.
Nxf7 Qe3 34. Nh6 Rg3 35. Qf7+ Kd6 36.
Qf8+ Kd7 37. Qc8+ Ke7 38. Qc7+ Kf6 39.
Rf1+ Kg5 40. Nf7+ Kg6 41. Be4+ Qxe4+ 42.
Kh2 Qg2# 0-1

[Variant "Standard"]
[Site "Europe Echecs"]

[Event "Championnat du monde jeunes U12F"]
[Date "2024.11.24"]
[White "Tong Thai Hoang An"]
[Black "Illes-Nagy, Nora"]
[WhiteElo "1869"]
[BlackElo "1803"]
[Round "9.6"]
[Result "1-0"]
[TimeControl "5400+30"]

1. d4 d5 2. c4 c6 3. Nf3 Nf6 4. e3 Bg4 5. h3 Bh5 6. cxd5 cxd5 7. g4 Bg6 8. Ne5 e6 9. Nc3 Nfd7 10. Nxg6 hxg6 11. Bd3 Nc6 12. Bd2 a6 13. Kf1 Bd6 14. Rc1 Bc7 15. Kg2 f5 16. f4 Nf6 17. Na4 Nd7 18. b4 Bd6 19. Nc5 Nxc5 20. dxc5 Bc7 21. a4 Rc8 22. b5 axb5 23. axb5 Ne7 24. b6 Bb8 25. g5 Nc6 26. Bb5 Kf7 27. h4 Rh5 28. Be2 Rh8 29. h5 gxh5 30. Rxh5 g6 31. Rxh8 Qxh8 32. Bc3 d4 33. Bxd4 Nxd4 34. Qxd4 Qxd4 35. exd4 Bxf4 36. Ra1 Bxg5 37. Ra7 Rb8 38. c6 Bf4 39. c7 Rc8 40. Ba6 bxa6 41. b7 Rxc7 42. b8=Q Rxa7 43. Qxa7+ Kf6 44. Qxa6 Kf7 45. Qb7+ Kf6 46. Qc6 Ke7 47. d5 Bd6 48. Qb7+ Kf6 49. Qd7 exd5 50. Qxd6+ Kg5 51. Kf3 1-0

[Variant "Standard"]
[Site "Europe Echecs"]

[Event "Championnat du monde jeunes U12F"]
[Date "2024.11.24"]
[White "Tran Le Vy"]
[Black "Pavithra R V"]
[WhiteElo "1854"]
[BlackElo "1854"]
[Round "9.7"]
[Result "1/2-1/2"]
[TimeControl "5400+30"]

1. e4 c5 2. Nf3 Nc6 3. c3 d5 4. exd5 Qxd5 5. d4 Bg4 6. Be2 cxd4 7. cxd4 e6 8. O-O Nf6 9. Nc3 Qa5 10. Be3 Bb4 11. Qb3 O-O 12. a3 Bxc3 13. bxc3 Qc7 14. Rac1 e5 15. Rfe1 e4 16. Nd2 Bxe2 17. Rxe2 Ng4 18. g3 Qa5 19. h3 Nxe3 20. fxe3 Qh5 21. Rh2 Qg5 22. Nf1 b6 23. Rf2 Rac8 24. Qa4 b5 25. Qc2 f5 26. Qb3+ Kh8 27. Rf4 a6 28. Qe6 Qf6 29. Qxf6 Rxf6 30. c4 bxc4 31. Rxc4 Ne7 32. Rxc8+ Nxc8 33. g4 g6 34. gxf5 gxf5 35. Nd2 Nb6 36. Rf1 Nd5 37. Kf2 Rc6 38. Ke2 Ne7 39. Rb1 Kg7 40. Rb7 Kf7 41. Nb1 Kf6 42. Kd2 h6 43. Nc3 Rd6 44. h4 Ke6 45. a4 Rc6 46. a5 Rd6 47. Na4 Kf6 48. Nc5 Nd5 49. Ra7 Nb4 50. Nd7+ Kg6 51. Ne5+ Kh5 52. Rf7 Kxh4 53. Rxf5 Nd5 54. Nf7 Rf6 55. Nxh6 Rxf5 56. Nxf5+ Kg4 57. Nd6 Kf3 58. Nc4 Kf2 59. Nd6 Kf3 60. Nf5 Kf2 1/2-1/2

[Variant "Standard"]
[Site "Europe Echecs"]

[Event "Championnat du monde jeunes U12F"]
[Date "2024.11.24"]
[White "Zavivaeva, Kristina"]
[Black "Qiu, Laurie"]
[WhiteElo "1775"]
[BlackElo "1994"]
[Round "9.8"]
[Result "1/2-1/2"]
[TimeControl "5400+30"]

1. e4 c5 2. Nf3 Nc6 3. d4 cxd4 4. Nxd4 g6 5. Nc3 Bg7 6. Be3 Nf6 7. Nb3 d6 8. f3 O-O 9. Qd2 Be6 10. O-O-O a5 11. a4 Rc8 12. Kb1 Ne5 13. Qf2 Nfd7 14. g4 Bxb3 15. cxb3 Nc5 16. Ka2 b6 17. Bd4 Qd7 18. h4 Nc6 19. Bxg7 Nb4+ 20. Kb1 Kxg7 21. Bc4 Qc6 22. h5 f6 23. Qe3 g5 24. Nb5 Qb7 25. Nd4 h6 26. Rc1 Kh7 27. Rhe1 Rfd8 28. f4 e5 29. fxe5 dxe5 30. Ne6 Rd6 31. Qf3 Nxe6 32. Qf5+ Kg7 33. Bxe6 Rxc1+ 34. Rxc1 Rxe6 35. Qxe6 Qxe4+ 36. Ka1 Nc2+ 37. Ka2 Nb4+ 38. Ka3 Nc2+ 39. Rxc2 Qxc2 40. Qe7+ Kg8 41. Qxf6 Qb1 42. Qe6+ Kh7 43. Qe7+ Kg8 44. Qd8+ Kh7 45. Qe7+ Kg8 46. Qe6+ Kh7 47. Qd7+ Kg8 48. Qc8+ Kh7 49. Qb7+ 1/2-1/2

[Variant "Standard"]
[Site "Europe Echecs"]

[Event "Championnat du monde jeunes U12F"]
[Date "2024.11.24"]
[White "Aadya Ranganath"]
[Black "Siskou, Evangelia"]
[WhiteElo "1753"]
[BlackElo "1884"]
[Round "9.9"]
[Result "1/2-1/2"]
[TimeControl "5400+30"]

1. e4 c5 2. Nf3 Nc6 3. d4 cxd4 4. Nxd4 g6 5. c4 Bg7 6. Be3 Nf6 7. Nc3 O-O 8. Be2 d6 9. O-O Bd7 10. Kh1 Nxd4 11. Bxd4 Bc6 12. Bd3 Nd7 13. Bxg7 Kxg7 14. b4 Nb6 15. a4 a5 16. b5 Bd7 17. Rc1 Rc8 18. Nd5 Nxd5 19. cxd5 Qb6 20. Bc4 Rc7 21. Qe2 Qd4 22. Rfd1 Qf6 23. f3 Rfc8 24. Rc2 e6 25. h3 exd5 26. exd5 Bf5 27. Rcc1 Qh4 28. Qb2+ Kg8 29. Rd4 Qh6 30. Qc3 b6 31. f4 Qh4 32. Qd2 Qf6 33. Kh2 h5 34. Qe3 Re7 35. Qf2 Rc5 36. Qd2 Kg7 37. Qf2 Re4 38. Rxe4 Bxe4 39. Qd2 Bxd5 40. Bxd5 Rxd5 41. Qxd5 Qxf4+ 42. g3 Qxc1 43. Qxd6 Qe3 44. Kg2 Qe6 45. Qd4+ Qf6 46. Qe3 g5 47. Qe4 Qe6 48. Qd4+ f6 49. Qc3 Qe2+ 50. Kg1 Kg6 51. Qc6 Qe3+ 52. Kg2 h4 53. gxh4 gxh4 54. Qd6 Kg5 55. Qd5+ f5 56. Qd8+ Kh5 57. Qd1+ Kg6 58. Qd6+ Kf7 59. Qd7+ Kg6 60. Qd6+ Kh5 61. Qd1+ Kh6 62. Qd6+ Kg7 63. Qd7+ Kf6 64. Qd6+ Qe6 65. Qd8+ Kg6 66. Qxh4 Qd5+ 67. Kh2 Qa2+ 68. Kg1 Qb1+ 69. Kg2 1/2-1/2

[Variant "Standard"]
[Site "Europe Echecs"]

[Event "Championnat du monde jeunes U12F"]
[Date "2024.11.24"]
[White "Xikmatkhonova, Mokhinur"]
[Black "Xu, Luna Yuexiu"]
[WhiteElo "1726"]
[BlackElo "1821"]
[Round "9.10"]
[Result "0-1"]
[TimeControl "5400+30"]

1. e4 c5 2. Nf3 d6 3. d4 cxd4 4. Nxd4 Nf6 5. Nc3 a6 6. Bg5 e6 7. f4 Be7 8. Qf3 Qc7 9. O-O-O Nbd7 10. g4 b5 11. Bxf6 Nxf6 12. g5 Nd7 13. f5 Nc5 14. Rg1 Bb7 15. b4 e5 16. Ndxb5 axb5 17. Nxb5 Qb6 18. bxc5 Qxc5 19. Qb3 Bxe4 20. f6 gxf6 21. Bc4 Rc8 22. Qa4 Bxc2 23. Kxc2 Qxc4+ 24. Qxc4 Rxc4+ 25. Kb3 Rc6 26. gxf6 Bxf6 27. Rxd6 Rxd6 28. Nxd6+ Ke7 29. Ne4 Rb8+ 30. Kc3 Ke6 31. Rg2 Be7 32. Rb2 Rxb2 33. Kxb2 f5 34. Nf2 e4 35. Kc2 Ke5 36. Kd2 f4 37. Nd1 Kd4 38. a4 f3 39. Ke1 e3 40. Nxe3 Kxe3 41. Kf1 f2 42. a5 Bc5 43. a6 h5 44. h4 Ba7 0-1

[Variant "Standard"]
[Site "Europe Echecs"]

[Event "Championnat du monde jeunes U12F"]
[Date "2024.11.24"]
[White "Abak, Tuana"]
[Black "Li, Peishan"]
[WhiteElo "1806"]
[BlackElo "1729"]
[Round "9.11"]
[Result "0-1"]
[TimeControl "5400+30"]

1. e4 c5 2. Nf3 e6 3. g3 Nc6 4. Bg2 Nf6 5. Qe2 d5 6. exd5 Nxd5 7. O-O Be7 8. Rd1 O-O 9. d4 cxd4 10. Nxd4 Nxd4 11. Rxd4 Bf6 12. Rd1 Qc7 13. Na3 Bd7 14. c4 Ne7 15. Be3 Nf5 16. Rab1 Nxe3 17. Qxe3 a6 18. b4 Ba4 19. Rdc1 Rad8 20. b5 Bd4 21. Qf3 Qc5 22. Rf1 Rd7 23. h3 Rfd8 24. Kh2 a5 25. h4 b6 26. Bh3 Bf6 27. Qc6 Be7 28. Rbe1 Qxa3 29. Qxb6 Qc5 30. Qxa5 Ra7 31. Qc3 Bxb5 32. Rc1 Bc6 33. Rc2 Ra3 34. Qb2 Rad3 35. Bg4 Bf6 36. Qb1 g6 37. Be2 R3d4 38. Kh3 Qf5+ 39. Kh2 Bxh4 0-1

[Variant "Standard"]
[Site "Europe Echecs"]

[Event "Championnat du monde jeunes U12F"]
[Date "2024.11.24"]
[White "Messali Anger, Ilyana"]
[Black "Li, Sophie"]
[WhiteElo "1687"]
[BlackElo "1798"]
[Round "9.12"]
[Result "0-1"]
[TimeControl "5400+30"]

1. e4 d5 2. exd5 Qxd5 3. Nc3 Qa5 4. d4 Nf6 5. Bd2 Bg4 6. Be2 Bxe2 7. Qxe2 Nc6 8. Nb5 Qb6 9. d5 Nxd5 10. c4 Ndb4 11. Bxb4 Nxb4 12. O-O-O Nc6 13. Qg4 e6 14. Nf3 a6 15. Nbd4 Nxd4 16. Nxd4 O-O-O 17. Nb3 Rxd1+ 18. Rxd1 Qxf2 19.
Qg5 f6 20. Qg4 Qe3+ 21. Kb1 Qe5 22.
Nd4 f5 23. Qh4 Bc5 24. Nf3 Qe2 25. Rd2 Qf1+ 26. Kc2 Be3 27. Rd3 Qxg2+ 28. Nd2 Bxd2 29. Rxd2 Qc6 30. Qd4 Qe4+ 31. Qxe4 fxe4 32. Re2 Rf8 33. Kc3 Rf4 34. Kd4 Kd7 35. Ke5 Rh4 36. Kd4 Ke7 37. Rxe4 Rxe4+ 38. Kxe4 Kd6 39. b4 b6 40. a4 c5 41. b5 a5 42. h4 g6 43. Kf4 h6 44. Ke4 g5 45. h5 g4 46. Kf4 g3 47. Kxg3 Ke5 48. Kf3 Kd4 49. Kf4 e5+ 50. Kf5 e4 51. Kg6 e3 52. Kxh6 e2 53. Kg7 e1=Q 54. h6 Qe7+ 55. Kg8 Qg5+ 56. Kh7 Kxc4 57. Kh8 Qxh6+ 58. Kg8 Qe6+ 59. Kh8 Qd7 60. Kg8 Kd5 61. Kh8 Ke6 62. Kg8 Kf6 63. Kh8 Qg7# 0-1

[Variant "Standard"]
[Site "Europe Echecs"]